 Dungeon Crawl Stone Soup version 0.26-a0-835-g8259106e14 (webtiles) character file.

Game seed: 5653683664179965861

44 Descartes the Covert (level 3, -13/17 HPs)
             Began as a Felid Delver on Nov 17, 2020.
             Mangled by an ogre
             ... wielding a +0 giant spiked club
              (14 damage)
             ... on level 4 of the Dungeon.
             The game lasted 00:01:01 (124 turns).

Descartes the Covert (Felid Delver)                  Turns: 124, Time: 00:01:02

Health: -13/17     AC:  1    Str:  9    XL:     3   Next: 41%
Magic:  4/4        EV: 18    Int: 11    God:
Gold:   17         SH:  0    Dex: 17    Spells: 2/2 levels left
                                        Lives:  0   Deaths: 0

rFire    . . .     SeeInvis +     - Unarmed
rCold    . . .     Faith    .   (shield unavailable)
rNeg     . . .     Spirit   .   (armour unavailable)
rPois    .         Reflect  .   (helmet unavailable)
rElec    .         Harm     .   (cloak unavailable)
rCorr    .         Rampage  .   (gloves unavailable)
MR       .....                  (boots unavailable)
Stlth    ++++......             (no amulet)
HPRegen  0.05/turn              (no ring)
MPRegen  0.09/turn              (no ring)

@: quick
A: very small, no armour, no weapons or thrown items, stealth, claws 1, fangs 3,
see invisible, speed 1, shaggy fur 1, sharp paws
a: no special abilities


You were on level 4 of the Dungeon.
You visited 1 branch of the dungeon, and saw 2 of its levels.

You collected 17 gold pieces.

Inventory:

Wands
 e - a wand of digging (3)
 f - a wand of iceblast (5)
Scrolls
 a - a scroll of fog
 b - a scroll of magic mapping
 c - a scroll of fear
 g - 5 scrolls of identify {unknown}
Potions
 d - 2 potions of haste


   Skills:
 - Level 3.0 Fighting
 + Level 3.0 Dodging
 + Level 8.1 Stealth
 - Level 2.0 Unarmed Combat


You had 2 spell levels left.
You didn't know any spells.
Your spell library was empty.

Dungeon Overview and Level Annotations

Branches:
Dungeon (5/15)
 Temple: D:4-7

Altars:

Shops:
D:5 *


Innate Abilities, Weirdness & Mutations

You cannot wear armour.
You are incapable of wielding weapons or throwing items.
Your paws allow you to move quietly. (Stealth)
You have sharp claws.
You have razor-sharp teeth.
You have supernaturally acute eyesight. (SInv)
You cover ground quickly.
You are covered in fur. (AC +1)
Your sharp claws are effective at attacking unaware monsters.


Message History

You scratch the ogre.
The ogre is moderately wounded.
You scratch the ogre.
The ogre is heavily wounded.
The ogre closely misses you.
You scratch the ogre. You bite the ogre.
The ogre is heavily wounded.
The ogre barely misses you.
You barely miss the ogre.
The ogre is heavily wounded.
You closely miss the ogre.
The ogre is heavily wounded.
The ogre hits you with a +0 giant spiked club!
Ouch! That really hurt!
* * * LOW HITPOINT WARNING * * *
You are too injured to fight recklessly!
You are too injured to fight recklessly!
The ogre hits you with a +0 giant spiked club!
Ouch! That really hurt!
You die...

......... ........> ..
......... #.###
........# #.... ....
........# #... .......
........# #..# #......
........# #..# #......
..)....O####..# #.....
#####...@..#..###..###..
.......................
#####...####.##....###
###.# #.##....# #.#
####.##.# #..
#.##.###### ###
####....... #.......
#.......


You could see an ogre.

Vanquished Creatures
  An iguana (D:5)
  A worker ant zombie (D:4)
  2 quokkas
  A frilled lizard (D:4)
  A giant cockroach zombie (D:4)
  A jackal zombie (D:4)
7 creatures vanquished.

Notes
Turn   | Place    | Note
-------+----------+-------------------------------------------
     0 | D:5      | Descartes the Felid Delver began the quest for the Orb.
     0 | D:5      | Reached XP level 1. HP: 10/10 MP: 2/2
    19 | D:5      | Found Vopnaur's Assorted Antiques.
    19 | D:5      | Noticed an iguana
    21 | D:5      | Killed an iguana
    22 | D:5      | Reached skill level 7 in Stealth
    22 | D:5      | Reached XP level 2. HP: 14/14 MP: 3/3
    26 | D:5      | Reached XP level 3. HP: 17/17 MP: 4/4
    39 | D:4      | Reached skill level 8 in Stealth
   113 | D:4      | Noticed an ogre
   124 | D:4      | Mangled by an ogre

Illustrated notes

Levels and vault maps discovered:
D:4:      layout_basic, serial_undead, serial_undead_d, serial_undead_a,
          serial_undead_d, serial_undead_b, eino_small_chamber_without_monster,
          uniq_duvessa
D:5:      layout_loops_corners, serial_shops, shop_statue

Skill      XL: |  1  2  3 |
---------------+----------+-----
Stealth        | 7 8 |  8.1
Dodging        | 3 |  3.0
Fighting       | |  3.0
Unarmed Combat | |  2.0

Action                   || total
-------------------------++-------
Melee: Unarmed           ||    17
       Punch             ||     1
       Bite              ||     1
 Stab: Sleeping          ||     6
Dodge: Dodged            ||     7

Table legend: (Time is in decaauts)
 A = Elapsed time spent in this place.
 B = Non-inter-level travel time spent in this place.
 C = Inter-level travel time spent in this place.
 D = Time resting spent in this place.
 E = Time spent auto-exploring this place.
 F = Levels seen in this place.
 G = Mean time per level.
                   A        B        C        D        E       F      G
               +--------+--------+--------+--------+--------+-----+--------+
         Total |    103 |     99 |      4 |      0 |     68 |   2 |   51.5 |
       Dungeon |    103 |     99 |      4 |      0 |     68 |   2 |   51.5 |
               +--------+--------+--------+--------+--------+-----+--------+

Top non-repeatable levels by time:
     D:4: 75 daAuts
     D:5: 28 daAuts
